 Dungeon Crawl Stone Soup version 0.22-a0-445-g8c8ef71 (webtiles) character file.

16046 nikopol the Eclecticist (level 12, -6/61 HPs)
             Began as a Deep Elf Fire Elementalist on June 2, 2018.
             Was an Elder of Vehumet.
             Mangled by an eight-headed hydra (12 damage)
             ... on level 3 of the Lair of Beasts.
             The game lasted 00:56:22 (13995 turns).

nikopol the Eclecticist (DEFE)                     Turns: 13995, Time: 00:56:22

Health: -6/61      AC:  6    Str:  5    XL:     12   Next: 6%
Magic:  1/33       EV: 14    Int: 28    God:    Vehumet [****..]
Gold:   309        SH:  0    Dex: 15    Spells: 22/41 levels left

rFire    + . .     SeeInvis .   z - +2 dagger (drain)
rCold    x . .     Gourm    .   (no shield)
rNeg     . . .     Faith    +   a - +0 robe
rPois    .         Spirit   .   i - +1 hat
rElec    .         Reflect  .   h - +2 cloak
rCorr    .         Harm     .   (no gloves)
MR       +....                  (no boots)
Stlth    +++.......             J - amulet of faith
HPRegen  0.20/turn              A - +2 ring of intelligence
MPRegen  0.23/turn              x - ring of fire

@: no status effects
A: no striking features
a: Renounce Religion


You were on level 3 of the Lair of Beasts.
You worshipped Vehumet.
Vehumet was greatly pleased with you.
You were not hungry.

You visited 3 branches of the dungeon, and saw 12 of its levels.
You also visited: Bailey.

You collected 626 gold pieces.
You spent 317 gold pieces at shops.

Inventory:

Hand Weapons
 z - a +2 dagger of draining (weapon)
Armour
 a - a +0 robe (worn)
 h - a +2 cloak (worn)
 i - a +1 hat (worn)
Jewellery
 w - an uncursed ring of protection from magic
 x - a ring of fire (right hand)
 A - a +2 ring of intelligence (left hand)
 J - an amulet of faith (around neck)
 K - a cursed ring of teleportation {unknown}
Wands
 s - a wand of clouds (6)
 u - a wand of acid (12)
Scrolls
 b - 10 scrolls of remove curse
 j - 2 scrolls of random uselessness {unknown}
 k - 7 scrolls of teleportation
 l - a scroll of immolation {unknown}
 r - a scroll of enchant armour {unknown}
 v - a scroll of noise {unknown}
 y - 3 scrolls of fear {unknown}
 B - a scroll of vulnerability {unknown}
 C - a scroll of fog {unknown}
 D - 3 scrolls of blinking {unknown}
 H - 3 scrolls of amnesia {unknown}
 I - 3 scrolls of identify
 L - a scroll of holy word {unknown}
Potions
 d - a potion of lignification {unknown}
 e - 2 potions of curing
 g - 3 potions of flight {unknown}
 m - 2 potions of invisibility {unknown}
 n - 3 potions of brilliance
 o - 5 potions of heal wounds
 p - a potion of might
 q - 4 potions of mutation
 t - a potion of agility {unknown}
 E - a potion of berserk rage {unknown}
 F - a potion of cancellation {unknown}
 G - a potion of ambrosia {unknown}
Miscellaneous
 f - a crystal ball of energy
Comestibles
 c - 24 rations
 M - 7 chunks of flesh


   Skills:
 + Level 1.3 Fighting
 + Level 4.3 Dodging
 + Level 4.7 Stealth
 + Level 15.1 Spellcasting
 + Level 11.8 Conjurations
 + Level 11.6 Fire Magic


You had 22 spell levels left.
You knew the following spells:

 Your Spells              Type           Power        Failure   Level  Hunger
a - Flame Tongue          Conj/Fire      #####        0%          1    None
b - Throw Flame           Conj/Fire      ######       1%          2    None
c - Conjure Flame         Conj/Fire      #######.     1%          3    None
d - Sticky Flame          Conj/Fire      #######.     1%          4    None
e - Fireball              Conj/Fire      #######...   1%          5    None
f - Searing Ray           Conj           ######       1%          2    None
h - Blink                 Tloc           N/A          3%          2    None

Your spell library contained the following spells:

 Spells                   Type           Power        Failure   Level  Hunger
 Magic Dart               Conj           ####         0%          1    None
 Slow                     Hex            ###.....     3%          2    None
 Mephitic Cloud           Conj/Pois/Air  #####...     1%          3    None
 Call Imp                 Summ           ###.....     3%          2    None
 Inner Flame              Hex/Fire       ######..     1%          3    None


Dungeon Overview and Level Annotations

Branches:
Dungeon (8/15)             Temple (1/1) D:4            Lair (3/6) D:8
 Shoals (0/4) Lair:2
  Snake: Lair:2-4    Spider: Lair:2-4

Altars:
Ashenzari
Cheibriados
Dithmenos
Elyvilon
Gozag
Nemelex Xobeh
Okawaru
Qazlal
Ru
Trog
Uskayaw
Vehumet
Xom
Zin
The Shining One

Shops:
D:4 (   D:5 ?   D:8 :

Annotations:
D:4 tilp's ghost, amateur MfIE


Message History

Aim: an eight-headed hydra (severely wounded)
You feel a surge of power!
The fireball explodes!
The fireball engulfs the eight-headed hydra.
The eight-headed hydra is almost dead.
Casting: Fireball (safe; 1% risk of failure)
Confirm with . or Enter, or press ? or * to list all spells.
Aiming: Sticky Flame (safe; 1% risk of failure)
Press: ? - help, Shift-Dir - straight line, f/p - eight-headed hydra
Aim: an eight-headed hydra (severely wounded)
You feel a surge of power!
The sticky flame hits the eight-headed hydra.
The eight-headed hydra is almost dead.
The eight-headed hydra is covered in liquid flames!
The eight-headed hydra burns!
The eight-headed hydra bites you!
* * * LOW HITPOINT WARNING * * *
The eight-headed hydra barely misses you.
The eight-headed hydra bites you!
* * * LOW HITPOINT WARNING * * *
The eight-headed hydra misses you. The eight-headed hydra bites you!
You die...

##..........P.................
#................##P###.......
##...............#### ##.....#
#....#####..)..##.#####.....#
#...##..#......#.#...[##....P
#..............#......##.....
#...P...##.....##.....##.....
#...........D..+.....###....#
#...##..#...@....#...# #....#
#...#####......###.### #.....
#.....P#P...<..###..####.....
##............................
#...............<.............
##............................
#.............................
##..##....#.#.................
##...##...P.###................


You could see an eight-headed hydra (burning).

Vanquished Creatures
  Gastronok (D:8)
  4 hydras
  A two-headed ogre (D:8)
  Nergalle (Lair:1)
  Pikel (D:8)
  A cyclops (D:8)
  A merfolk siren (Lair:2)
  A spiny frog (Lair:1)
  3 komodo dragons
  A rime drake (Lair:3)
  2 hippogriffs
  Prince Ribbit (D:8)
  19 yaks
  A basilisk (Lair:2)
  Eustachio (D:5)
  3 water moccasins (Lair:2)
  5 porcupines
  6 orc warriors
  3 ice beasts
  2 black bears
  A necrophage (D:8)
  A phantom (D:8)
  A sky beast (D:7)
  3 ogres
  A centaur (D:5)
  3 crocodiles
  8 bullfrogs
  3 scorpions
  5 killer bees (D:7)
  A water moccasin skeleton (D:7)
  A howler monkey (D:7)
  A centaur zombie (D:7)
  2 quasits
  4 jellies
  4 hounds
  3 orc priests
  A centaur skeleton (D:8)
  A bullfrog skeleton (D:7)
  8 iguanas
  6 orc wizards
  5 worker ants
  7 gnolls
  3 adders
  3 shadow imps
  5 oozes (D:8)
  2 worms
  2 dart slugs
  3 leopard geckos
  18 orcs
  2 ball pythons
  6 bats
  5 giant cockroaches
  9 goblins
  14 hobgoblins
  10 jackals
  4 frilled lizards
  A jackal skeleton (D:7)
  24 kobolds
  A quokka skeleton (D:5)
  A quokka zombie (D:8)
  4 rats
245 creatures vanquished.

Vanquished Creatures (others)
  3 slaves (D:8)
  A bullfrog (D:8)
  A hound (D:8)
  An orc wizard (D:8)
  An adder (D:8)
  3 fungi (Lair:2)
10 creatures vanquished.

Grand Total: 255 creatures vanquished

Notes
Turn   | Place    | Note
-------+----------+-------------------------------------------
     0 | D:1      | nikopol the Deep Elf Fire Elementalist began the quest for the Orb.
     0 | D:1      | Reached XP level 1. HP: 10/10 MP: 6/6
   249 | D:1      | Reached XP level 2. HP: 15/15 MP: 1/8
   930 | D:1      | Reached XP level 3. HP: 19/19 MP: 8/10
  1062 | D:2      | Learned a level 2 spell: Throw Flame
  1066 | D:2      | Learned a level 3 spell: Conjure Flame
  1183 | D:2      | You fall through a shaft!
  1186 | D:3      | Noticed an ice beast
  1814 | D:3      | Reached skill level 4 in Spellcasting
  1821 | D:3      | Reached XP level 4. HP: 24/24 MP: 6/12
  2151 | D:3      | Learned a level 4 spell: Sticky Flame
  2162 | D:3      | Killed an ice beast
  2162 | D:3      | Reached skill level 5 in Spellcasting
  2162 | D:3      | Reached XP level 5. HP: 28/28 MP: 1/14
  2946 | D:4      | Noticed tilp's ghost (amateur MfIE)
  3447 | D:4      | Reached XP level 6. HP: 32/32 MP: 11/16
  3913 | D:3      | Learned a level 5 spell: Fireball
  4049 | D:4      | Found a staircase to the Ecumenical Temple.
  4053 | D:4      | Reached skill level 5 in Fire Magic
  4065 | Temple   | Entered the Ecumenical Temple
  4183 | Temple   | Became a worshipper of Vehumet
  4295 | D:4      | Reached skill level 6 in Spellcasting
  4308 | D:4      | Noticed an orc warrior
  4492 | D:4      | Killed an orc warrior
  4492 | D:4      | Reached XP level 7. HP: 12/36 MP: 6/18
  5149 | D:4      | Found Nar Mys's Weapon Emporium.
  5223 | D:5      | Entered Level 5 of the Dungeon
  5288 | D:5      | Reached * piety under Vehumet
  5288 | D:5      | Offered knowledge of Magic Dart by Vehumet.
  5439 | D:5      | Noticed Eustachio
  5557 | D:5      | Reached skill level 7 in Spellcasting
  6403 | D:5      | Reached skill level 1 in Fighting
  6638 | D:5      | Found Tiadd's Magic Scroll Shoppe.
  6646 | D:5      | Bought 3 scrolls of teleportation for 117 gold pieces
  6693 | D:5      | Reached skill level 5 in Conjurations
  6815 | D:5      | Killed Eustachio
  6815 | D:5      | Reached XP level 8. HP: 43/43 MP: 4/21
  7568 | D:7      | Reached skill level 8 in Spellcasting
  7605 | D:7      | Found a flagged portal.
  7703 | Bailey   | Entered a bailey
  8121 | Bailey   | Found an iron altar of Okawaru.
  8278 | D:6      | Offered knowledge of Searing Ray by Vehumet.
  8278 | D:6      | Reached skill level 9 in Spellcasting
  8417 | D:7      | Reached ** piety under Vehumet
  8422 | D:7      | Reached XP level 9. HP: 47/47 MP: 3/24
  9117 | D:7      | Found a sacrificial altar of Ru.
  9253 | D:8      | Reached skill level 10 in Spellcasting
  9326 | D:8      | Learned a level 2 spell: Searing Ray
  9337 | D:8      | Found Paaxtaeh's Book Shoppe.
  9340 | D:8      | Bought a book of Minor Magic for 200 gold pieces
  9343 | D:8      | Learned a level 2 spell: Blink
  9355 | D:8      | Noticed Pikel
  9380 | D:8      | Killed Pikel
  9679 | D:8      | Reached skill level 11 in Spellcasting
  9704 | D:8      | Offered knowledge of Stone Arrow by Vehumet.
  9716 | D:8      | Noticed a two-headed ogre
  9728 | D:8      | Noticed Prince Ribbit
  9776 | D:8      | Killed a two-headed ogre
  9776 | D:8      | Reached XP level 10. HP: 52/52 MP: 7/27
  9787 | D:8      | Killed Prince Ribbit
  9970 | D:8      | Noticed a cyclops
  9970 | D:8      | Noticed Gastronok
 10005 | D:8      | Killed a cyclops
 10083 | D:8      | Killed Gastronok
 10083 | D:8      | Reached skill level 12 in Spellcasting
 10083 | D:8      | Reached skill level 10 in Conjurations
 10252 | D:8      | Found a staircase to the Lair.
 10513 | D:8      | Reached *** piety under Vehumet
 10649 | Lair:1   | Entered Level 1 of the Lair of Beasts
 10817 | Lair:1   | Reached skill level 10 in Fire Magic
 10894 | Lair:1   | Noticed Nergalle
 10954 | Lair:1   | Reached XP level 11. HP: 56/56 MP: 26/29
 10989 | Lair:1   | Offered knowledge of Dazzling Spray by Vehumet.
 11004 | Lair:1   | Killed Nergalle
 11004 | Lair:1   | Reached skill level 13 in Spellcasting
 11010 | Lair:1   | Noticed a six-headed hydra
 11027 | Lair:1   | Noticed a five-headed hydra
 11033 | Lair:1   | Killed a six-headed hydra
 11385 | Lair:1   | Killed a five-headed hydra
 11797 | Lair:2   | Reached skill level 14 in Spellcasting
 12035 | Lair:2   | Reached **** piety under Vehumet
 12233 | Lair:2   | Noticed a seven-headed hydra
 12236 | Lair:2   | Killed a seven-headed hydra
 12746 | Lair:2   | Found a staircase to the Shoals.
 13260 | Lair:3   | Offered knowledge of Iskenderun's Battlesphere by Vehumet.
 13490 | Lair:3   | Noticed a six-headed hydra
 13493 | Lair:3   | Killed a six-headed hydra
 13741 | Lair:3   | Reached XP level 12. HP: 61/61 MP: 5/32
 13921 | Lair:3   | Reached skill level 15 in Spellcasting
 13943 | Lair:3   | Noticed an eight-headed hydra
 13995 | Lair:3   | Mangled by an eight-headed hydra

Vault maps used:
D:1:      scummos_arrival_hexagon
D:4:      cheibrodos_greedy_goblins, minmay_temple_entry_grid, serial_shops,
          shop_fountains
D:5:      first_ration, grunt_ministairs_15, nrook_uturn,
          corexii_hall_statues_l, kennysheep_small_circle, uniq_eustachio
D:7:      nicolae_ru_sacrificial_ziggurat, enter_bailey_7
D:8:      lair_entry_dummy, serial_shops, nicolae_shop_behind_doors,
          hangedman_little_slice_of_home, uniq_pikel, uniq_prince_ribbit1,
          uniq_gastronok
Temple:   roderic_octagonal_lattice_temple
Lair:1:   minmay_holes, grunt_megastairs_5, uniq_nergalle
Lair:2:   minmay_shoals_entry_lonely_mermaid, lemuel_fruit_tree,
          grunt_megastairs_3
Lair:3:   beast_lair_carwin_large_3, serial_bayou_lake_a
Bailey:   bailey_axe_3, bailey

Skill      XL: |  1  2  3  4  5  6  7  8  9 10 11 12 |
---------------+-------------------------------------+-----
Fire Magic     | 4 5 6 7 8 10 11 | 11.6
Conjurations   | 2 3 4 5 7 9 10 11 | 11.8
Spellcasting   | 4 5 6 7 9 11 12 14 15 | 15.1
Dodging        | 3 4 |  4.3
Stealth        | 3 4 |  4.7
Fighting       | 1 |  1.3

Action                   |  1- 3 |  4- 6 |  7- 9 | 10-12 || total
-------------------------+-------+-------+-------+-------++-------
Melee: Unarmed           |     1 |       |       |       ||     1
       Dagger            |       |       |     7 |     2 ||     9
 Cast: Flame Tongue      |    78 |    87 |   238 |    87 ||   490
       Throw Flame       |       |     8 |    25 |    15 ||    48
       Conjure Flame     |       |     3 |    10 |     1 ||    14
       Sticky Flame      |       |     4 |    16 |    22 ||    42
       Fireball          |       |       |    15 |    60 ||    75
       Blink             |       |       |       |     1 ||     1
  Use: Scroll            |       |       |     7 |     1 ||     8
  Eat: Chunk             |     2 |     5 |    20 |    10 ||    37
       Ration            |       |     1 |       |     2 ||     3
Armor: Robe              |     5 |    13 |    27 |     6 ||    51
Dodge: Dodged            |    37 |    14 |    93 |    27 ||   171

Table legend:
 A = Spawn XP
 B = Non-spawn XP
 C = Spawn XP percentage of total XP
 D = Spawn monster count
 E = Non-spawn monster count
 F = Spawn count percentage of total count
 G = Total turns spent on level
                    A         B        C        D         E        F      G
               +---------+---------+-------+---------+---------+-------+---------
         Total |       0 |   22923 |   0.0 |       0 |     245 |   0.0 | 13995
               +---------+---------+-------+---------+---------+-------+---------
           D:1 |       0 |      41 |   0.0 |       0 |      22 |   0.0 |  1058
           D:2 |       0 |      31 |   0.0 |       0 |      16 |   0.0 |   682
           D:3 |       0 |     221 |   0.0 |       0 |      15 |   0.0 |  1856
           D:4 |       0 |     518 |   0.0 |       0 |      32 |   0.0 |  1779
           D:5 |       0 |     622 |   0.0 |       0 |      20 |   0.0 |  1433
           D:6 |       0 |     539 |   0.0 |       0 |       8 |   0.0 |  1017
           D:7 |       0 |    1427 |   0.0 |       0 |      32 |   0.0 |   754
           D:8 |       0 |    5549 |   0.0 |       0 |      29 |   0.0 |  1399
        Lair:1 |       0 |    5377 |   0.0 |       0 |      19 |   0.0 |  1180
        Lair:2 |       0 |    4157 |   0.0 |       0 |      17 |   0.0 |  1430
        Lair:3 |       0 |    4014 |   0.0 |       0 |      19 |   0.0 |   736
        Bailey |       0 |     427 |   0.0 |       0 |      16 |   0.0 |   537
               +---------+---------+-------+---------+---------+-------+---------
